 Dungeon Crawl Stone Soup version 0.23-a0-49-gd9f7a49 (webtiles) character file.

1229 galech the Chopper (level 8, 0/70 HPs)
             Began as a Minotaur Fighter on Aug 6, 2018.
             Was a Follower of Makhleb.
             Succumbed to an orc warrior's poison
             ... on level 6 of the Dungeon.
             The game lasted 00:05:54 (4385 turns).

galech the Chopper (Minotaur Fighter)               Turns: 4385, Time: 00:05:55

Health: 0/70       AC: 11    Str: 21    XL:     8   Next: 24%
Magic:  8/8        EV:  7    Int:  5    God:    Makhleb [*.....]
Gold:   309        SH: 10    Dex: 12    Spells: 7/7 levels left

rFire    . . .     SeeInvis .   a - +0 war axe
rCold    + . .     Gourm    .   c - +0 shield
rNeg     . . .     Faith    .   p - +0 chain mail
rPois    .         Spirit   .   (helmet restricted)
rElec    .         Reflect  .   g - +0 cloak
rCorr    .         Harm     .   (no gloves)
MR       +....                  (no boots)
Stlth    ..........             (no amulet)
HPRegen  0.21/turn              n - ring of protection from cold
MPRegen  0.11/turn              z - ring of protection from magic

@: lethally poisoned (0 -> -4)
A: retaliatory headbutt, horns 2
a: Renounce Religion


You were on level 6 of the Dungeon.
You worshipped Makhleb.
Makhleb was aware of your devotion.
You were not hungry.

You visited 2 branches of the dungeon, and saw 7 of its levels.

You collected 445 gold pieces.
You spent 136 gold pieces at shops.

Inventory:

Hand Weapons
 a - a +0 war axe (weapon)
 u - a +0 vampiric war axe
Armour
 c - a +0 shield (worn)
 g - a +0 cloak (worn)
 p - a +0 chain mail (worn)
 B - a +0 robe of cold resistance
Jewellery
 n - a ring of protection from cold (left hand)
 t - an uncursed ring of ice
 z - a ring of protection from magic (right hand)
Wands
 w - a wand of iceblast (8)
Scrolls
 e - a scroll of blinking {unknown}
 h - a scroll of amnesia {unknown}
 i - 2 scrolls of remove curse {unknown}
 k - 7 scrolls of identify {unknown}
 l - 3 scrolls of magic mapping {unknown}
 q - 2 scrolls of immolation {unknown}
 s - a scroll of enchant weapon {unknown}
 v - a scroll of noise {unknown}
 y - 2 scrolls of teleportation {unknown}
 A - a scroll of enchant armour {unknown}
Potions
 b - a potion of heal wounds {unknown}
 d - 3 potions of might
 j - 2 potions of ambrosia {unknown}
 o - 2 potions of haste {unknown}
 r - a potion of berserk rage {unknown}
Comestibles
 f - 11 rations
 x - 4 chunks of flesh


   Skills:
 + Level 6.1 Fighting
 + Level 6.8 Axes
 + Level 6.2 Armour
 - Level 2.1 Dodging
 + Level 6.7 Shields
 + Level 2.2 Invocations


You had 7 spell levels left.
You didn't know any spells.
Your spell library was empty.

Dungeon Overview and Level Annotations

Branches:
Dungeon (6/15)             Temple (1/1) D:5

Altars:
Ashenzari
Dithmenos
Elyvilon
Fedhas
Gozag
Hepliaklqana
Kikubaaqudgha
Makhleb
Nemelex Xobeh
Okawaru
Qazlal
Ru
Sif Muna
Trog
Uskayaw
Vehumet
Wu Jian
Xom
Zin
The Shining One

Shops:
D:4 (%


Innate Abilities, Weirdness & Mutations

You reflexively headbutt those who attack you in melee.
You have a pair of horns on your head.


Message History

The orc warrior is heavily wounded.
You feel sick.
The orc warrior hits you with a hand axe of venom!
* * * LOW HITPOINT WARNING * * *
You are lethally poisoned!
You hit the orc warrior but do no damage.
The orc warrior is heavily wounded.
* * * LOW HITPOINT WARNING * * *
You feel sick. You block the orc warrior's attack.
Unknown command.
You hit the orc warrior but do no damage.
The orc warrior is heavily wounded.
You block the orc warrior's attack.
You slash the orc warrior!
The orc warrior is almost dead.
* * * LOW HITPOINT WARNING * * *
You feel sick. You block the orc warrior's attack.
You closely miss the orc warrior.
The orc warrior is almost dead.
You die...

.... #.#.#####....#.#.# ..
..... #.#..........#.#.# ###
......##.#######...##.#.#
...............#...# ....
###+#.###.####.########.######
#>........()................
#.#.#######(.#######.##....# #
##(.#.....#..#....# #.@..$.#
#.#....# #.o....+ #......#
#......# ##.###<# #......+ #.#
#.# #......# #.# #.# #......#
#.# #.# #......# #.# #.#
#......# #.# #.# #.###..


You could see an orc warrior.

Vanquished Creatures
  Menkaure (D:5)
  2 ogres (D:5)
  2 phantoms (D:5)
  A centaur (D:6)
  2 bullfrog skeletons
  An orc priest (D:3)
  A centaur skeleton (D:4)
  A hound (D:4)
  5 iguanas
  4 orc wizards
  3 worker ants
  A worker ant zombie (D:6)
  A gnoll (D:1)
  6 adders
  4 oozes
  2 adder zombies
  An adder skeleton (D:4)
  4 worms
  8 leopard geckos
  23 orcs
  A ball python (D:2)
  2 giant cockroaches
  7 goblins
  10 hobgoblins
  13 jackals
  4 kobolds
  3 quokkas
  8 bats
  A frilled lizard (D:1)
  A leopard gecko skeleton (D:4)
  A quokka skeleton (D:5)
  A quokka zombie (D:3)
  6 rats
131 creatures vanquished.

Notes
Turn   | Place    | Note
-------+----------+-------------------------------------------
     0 | D:1      | galech the Minotaur Fighter began the quest for the Orb.
     0 | D:1      | Reached XP level 1. HP: 19/19 MP: 0/0
    89 | D:1      | Reached XP level 2. HP: 20/27 MP: 1/1
   357 | D:1      | Reached XP level 3. HP: 30/33 MP: 2/2
   493 | D:2      | Found a white marble altar of Elyvilon.
   598 | D:2      | Found a bloodstained altar of Trog.
   709 | D:2      | Reached XP level 4. HP: 37/40 MP: 3/3
   715 | D:2      | Found an iron altar of Okawaru.
   757 | D:2      | Reached skill level 1 in Dodging
   949 | D:2      | Found a glowing silver altar of Zin.
  1355 | D:3      | Reached XP level 5. HP: 29/46 MP: 4/4
  1624 | D:3      | Reached skill level 5 in Shields
  2047 | D:3      | Reached skill level 5 in Axes
  2149 | D:4      | Reached XP level 6. HP: 30/53 MP: 5/5
  2291 | D:4      | Found a white marble altar of Elyvilon.
  2366 | D:4      | Found Opevett's Antique Weapon Shoppe.
  2375 | D:4      | Bought a runed war axe for 136 gold pieces
  2531 | D:4      | Found an opulent altar of Gozag.
  2691 | D:4      | Reached skill level 5 in Fighting
  2798 | D:4      | Found a shattered altar of Ashenzari.
  2802 | D:4      | Found a blossoming altar of Fedhas.
  2880 | D:4      | Found Vimoat's Food Shop.
  2983 | D:5      | Entered Level 5 of the Dungeon
  3076 | D:5      | Noticed Menkaure
  3080 | D:5      | Killed Menkaure
  3080 | D:5      | Reached skill level 5 in Armour
  3080 | D:5      | Reached XP level 7. HP: 39/61 MP: 6/6
  3375 | D:5      | Found a staircase to the Ecumenical Temple.
  3397 | Temple   | Entered the Ecumenical Temple
  3451 | Temple   | Became a worshipper of Makhleb the Destroyer
  3551 | D:5      | Reached skill level 1 in Invocations
  3741 | D:5      | Found a glowing golden altar of the Shining One.
  3962 | D:6      | Reached XP level 8. HP: 62/70 MP: 8/8
  4357 | D:6      | Reached * piety under Makhleb
  4381 | D:6      | HP: 2/70 [orc warrior/hand axe of venom (11)]
  4385 | D:6      | Succumbed to an orc warrior's poison

Vault maps used:
D:1:      evilmike_arrival_crescent
D:2:      lemuel_doored_altar, lemuel_crystal_altar, lemuel_round_altar,
          grunt_ministairs_11, kennysheep_okawaru_gauntlet
D:3:      grunt_ministairs_15, kennysheep_generic_room_2
D:4:      nicolae_overflow_hidden_temple, grunt_gozag_breadcrumbs, serial_shops,
          nicolae_shop_behind_doors, shop, elyvilon_altar_5
D:5:      nicolae_tso_carved_into_rock, minmay_temple_entry_junction_2,
          first_ration, uniq_menkaure
Temple:   regret_index_temple_waves

Skill      XL: |  1  2  3  4  5  6  7  8 |
---------------+-------------------------+-----
Shields        | 4 5 6 |  6.7
Fighting       | 4 5 6 |  6.1
Armour         | 4 5 6 |  6.2
Axes           | 3 4 5 6 |  6.8
Dodging        | 1 2 |  2.1
Invocations    | 1 2 |  2.2

Action                   |  1- 3 |  4- 6 |  7- 9 || total
-------------------------+-------+-------+-------++-------
Melee: War axe           |    91 |   181 |   131 ||   403
       Headbutt          |     9 |    40 |    29 ||    78
  Use: Potion            |       |       |     4 ||     4
  Eat: Chunk             |       |     7 |     5 ||    12
Armor: Scale mail        |    47 |     4 |       ||    51
       Chain mail        |       |    90 |    52 ||   142
Dodge: Dodged            |    26 |    56 |    20 ||   102
Block: Shield            |    49 |   120 |    57 ||   226

Table legend:
 A = Spawn XP
 B = Non-spawn XP
 C = Spawn XP percentage of total XP
 D = Spawn monster count
 E = Non-spawn monster count
 F = Spawn count percentage of total count
 G = Total turns spent on level
                    A         B        C        D         E        F      G
               +---------+---------+-------+---------+---------+-------+---------
         Total |       0 |    1756 |   0.0 |       0 |     131 |   0.0 |  4385
               +---------+---------+-------+---------+---------+-------+---------
           D:1 |       0 |      66 |   0.0 |       0 |      20 |   0.0 |   480
           D:2 |       0 |      68 |   0.0 |       0 |      19 |   0.0 |   688
           D:3 |       0 |     236 |   0.0 |       0 |      41 |   0.0 |   957
           D:4 |       0 |     229 |   0.0 |       0 |      15 |   0.0 |   927
           D:5 |       0 |     757 |   0.0 |       0 |      20 |   0.0 |   739
           D:6 |       0 |     400 |   0.0 |       0 |      16 |   0.0 |   490
               +---------+---------+-------+---------+---------+-------+---------
